 Dungeon Crawl Stone Soup version 0.22-a0-833-g8522bf8 (webtiles) character file.

7021 mhoghedin the Covert (level 11, -1/67 HPs)
             Began as a Kobold Wizard on July 21, 2018.
             Was a Believer of Ashenzari.
             Killed by the air
             ... invoked by Gastronok
              (33 damage)
             ... on level 10 of the Dungeon on July 25, 2018.
             The game lasted 00:43:47 (16981 turns).

mhoghedin the Covert (Kobold Wizard)               Turns: 16981, Time: 00:43:48

Health: -1/67      AC:  4    Str:  4    XL:     11   Next: 29%
Magic:  33/33      EV: 19    Int: 23    God:    Ashenzari [**....]
Gold:   816        SH:  6    Dex: 14    Spells: 3/16 levels left

rFire    . . .     SeeInvis .   z - +2 dagger (chaos)
rCold    . . .     Gourm    .   e - +0 buckler (curse)
rNeg     . . .     Faith    .   y - +1 robe {MR+} (curse)
rPois    .         Spirit   .   b - +0 hat
rElec    .         Reflect  .   p - +0 cloak
rCorr    .         Harm     .   (no gloves)
MR       +....                  (no boots)
Stlth    ++++......             E - amulet of rage {+Rage, !d}
HPRegen  0.21/turn              a - ring of magical power (curse) {MP+9}
MPRegen  0.23/turn              G - ring of magical power {MP+9}

@: no status effects
A: small, carnivore
a: Curse Item, Scrying, Renounce Religion, Evoke Berserk Rage


You were on level 10 of the Dungeon.
You worshipped Ashenzari.
Ashenzari was pleased with you.
You were not hungry.

You visited 1 branch of the dungeon, and saw 10 of its levels.
You also visited: Sewer and Ossuary.

You collected 816 gold pieces.

Inventory:

Hand Weapons
 v - a +3 dagger
   (You took it off a goblin on level 2 of the Dungeon)
 z - a +2 dagger of chaos (weapon)
   (You took it off a crimson imp on level 4 of the Dungeon)
 J - a +0 scimitar of flaming
   (You took it off Erica on level 8 of the Dungeon)
Missiles
 n - 3 throwing nets {=f, !d}
 F - 89 arrows
Armour
 b - a +0 hat (worn)
 e - a cursed +0 buckler (worn)
   (You found it on level 1 of the Dungeon)
 p - a +0 cloak (worn)
   (You found it on level 2 of the Dungeon)
 y - a cursed +1 robe of magic resistance (worn)
   (You found it on level 4 of the Dungeon)
 K - the +2 robe "Xituseov" {Int+6}
   (You found it on level 8 of the Dungeon)

   It affects your intelligence (+6).
Magical Staves
 w - an uncursed staff of earth
   (You found it on level 10 of the Dungeon)
Jewellery
 a - a cursed ring of magical power (left hand) {MP+9}
   (You found it on level 4 of the Dungeon)
 l - an uncursed ring of wizardry {Wiz+, !d}
   (You found it on level 9 of the Dungeon)
 r - an uncursed amulet of magic regeneration
   (You took it off an orc on level 8 of the Dungeon)
 B - a +4 ring of strength
   (You found it on level 6 of the Dungeon)
 D - an uncursed amulet of regeneration {+regen, !d}
   (You found it on level 7 of the Dungeon)
 E - an amulet of rage (around neck) {+Rage, !d}
   (You found it on level 7 of the Dungeon)
 G - a ring of magical power (right hand) {MP+9}
   (You found it on level 8 of the Dungeon)
 P - an uncursed ring of poison resistance {rPois, !d}
   (You found it on level 10 of the Dungeon)
Wands
 H - a wand of flame (25)
   (You found it on level 8 of the Dungeon)
 O - a wand of disintegration (7)
   (You found it on level 10 of the Dungeon)
Scrolls
 c - 4 scrolls of fog
 f - 5 scrolls of remove curse
 k - 3 scrolls of enchant weapon {unknown}
 o - 2 scrolls of magic mapping {!r}
 q - a scroll of blinking {!r}
 s - a scroll of random uselessness {unknown}
 x - 2 scrolls of noise {unknown}
 A - 5 scrolls of teleportation
 C - 2 scrolls of immolation {unknown}
 I - 4 scrolls of torment {unknown}
 N - a scroll of summoning {unknown}
Potions
 g - 3 potions of magic
 h - a potion of flight {unknown}
 i - 3 potions of might
 j - 6 potions of curing
 m - a potion of agility
 t - a potion of haste
 u - 6 potions of heal wounds
 L - a potion of mutation {unknown}
 M - a potion of resistance {unknown}
Comestibles
 d - 21 rations


   Skills:
 + Level 7.5 Fighting
 - Level 8.0 Short Blades
 - Level 7.9 Dodging
 - Level 8.5 Stealth
 - Level 3.9(5.3) Shields
 - Level 3.2 Spellcasting
 - Level 2.9 Conjurations
 - Level 2.5 Summonings
 - Level 1.0 Translocations
 - Level 5.8 Transmutations
 - Level 1.2 Fire Magic
 - Level 2.6 Air Magic
 - Level 2.6 Poison Magic
 + Level 5.6 Evocations


You had 3 spell levels left.
You knew the following spells:

 Your Spells              Type           Power        Failure   Level  Hunger
a - Magic Dart            Conj           ###.         3%          1    None
b - Blink                 Tloc           N/A          12%         2    ##.....
c - Call Imp              Summ           ###.....     6%          2    ##.....
d - Conjure Flame         Conj/Fire      ##......     14%         3    ###....
s - Sticks to Snakes      Tmut           ####....     1%          2    ##.....
x - Mephitic Cloud        Conj/Pois/Air  ###.....     11%         3    ###....

Your spell library contained the following spells:

 Spells                   Type           Power        Failure   Level  Hunger
 Fireball                 Conj/Fire      ##........   78%         5    ######.
 Slow                     Hex            #.......     17%         2    ##.....
 Throw Flame              Conj/Fire      ##....       7%          2    ##.....
 Sticky Flame             Conj/Fire      ##......     43%         4    ####...
 Spider Form              Tmut/Pois      ###.......   6%          3    ###....
 Blade Hands              Tmut           ####......   28%         5    ######.
 Ice Form                 Ice/Tmut       ###.....     34%         4    ####...
 Flame Tongue             Conj/Fire      ##...        4%          1    None
 Inner Flame              Hex/Fire       #.......     26%         3    ###....
 Beastly Appendage        Tmut           ####..       1%          1    None


Dungeon Overview and Level Annotations

Branches:
Dungeon (10/15)            Temple (0/1) D:7            Lair (0/6) D:9
    Orc: D:9-12

Altars:
Ashenzari
Fedhas
Gozag
Kikubaaqudgha
Ru
Sif Muna
Vehumet
Xom
Zin

Shops:
D:10 *

Annotations:
D:3 3 runed doors, Ashen's ghost, amateur HOMo
D:6 exclusion: Menkaure, Menkaure
D:10 Gastronok


Innate Abilities, Weirdness & Mutations

You are small and have problems with some larger weapons.
You are carnivorous and can eat meat at any time.


Message History

The kobold barely misses you.
You completely miss the big kobold. You block the big kobold's attack.
You hit the big kobold. The kobold completely misses you.
You hit the big kobold.
The big kobold seems to speed up.
The big kobold hits you with a whip.
You take 4 damage, and have 62/67 hp.
You barely miss the big kobold. The big kobold barely misses you.
The kobold barely misses you.
You miss the big kobold. The big kobold closely misses you.
The kobold completely misses you.
You hit the big kobold but do no damage.
You block the big kobold's attack.
You hit the big kobold but do no damage.
Lightning courses through the big kobold!
You kill the big kobold!
The kobold completely misses you.
You hit the kobold but do no damage. You miss the kobold.
You block the kobold's attack.
You closely miss the kobold. You block the kobold's attack.
You hit the kobold but do no damage. You hit the kobold.
The kobold barely misses you.
You closely miss the kobold. You hit the kobold.
You kill the kobold!
No target in view!
No target in view!
No target in view!
No target in view!
No target in view!
No target in view!
No target in view!
No target in view!
No target in view!
Search for what [Enter for "arrow", or ? for help]? dagger
Things that are here:
an uncursed whip; a big kobold corpse
Things that are here:
an uncursed dagger; a big kobold corpse
O - a wand of disintegration (8)
Things that are here:
4 stones; an uncursed dagger; a +0 robe
Things that are here:
4 stones; an uncursed club; a big kobold corpse You see here a cursed dagger.
You see here a big kobold corpse.
You see here a stone.
You see here 3 stones.
Things that are here:
an uncursed whip; an uncursed dagger of speed; a kobold corpse You see here a kobold corpse.
You see here 6 stones.
Things that are here:
an uncursed whip; an uncursed dagger; 2 stones
Things that are here:
an uncursed short sword; 4 stones
Things that are here:
an uncursed short sword; 4 stones
Things that are here:
an uncursed whip; an uncursed dagger; 2 stones You see here 6 stones.
Things that are here:
an uncursed whip of electrocution; a kobold corpse
Items here: ( )) †† an uncursed whip; 2 stones; an uncursed short sword; a kobold corpse a big kobold corpse
Items here: ( )))) †† Gastronok is too close now for your liking.
Health restored: 67 Gastronok is nearby!
Aim: Gastronok, wearing a hat of intelligence (hasn't noticed you, chance to defeat MR: 36%) Gastronok gurgles horribly!
Gastronok is blasted.
Aim: Gastronok, wearing a hat of intelligence (lightly wounded)
The puff of flame hits Gastronok.
Gastronok waves his eye-stalks in wide circles.
The air twists around and strikes you!
You take 9 damage, and have 58/67 hp.
Items here: ( )))) ††
Items here: ( )) †† an uncursed whip; 2 stones; an uncursed short sword; a kobold corpse a big kobold corpse You start resting.
Health restored: 67
Items here: ( )) †† an uncursed whip; 2 stones; an uncursed short sword; a kobold corpse a big kobold corpse
Items here: ( )))) †† Gastronok gurgles horribly!
Gastronok is too close now for your liking.
Gastronok is nearby!
Gastronok waves his eye-stalks in wide circles.
The air twists around and strikes you!
Ouch! That really hurt!
You take 35 damage, and have 32/67 hp.
MASSIVE DAMAGE!!
There is a stone staircase leading down here.
Gastronok waves his eye-stalks in wide circles.
The air twists around and strikes you!
You die...

....# #.#....>...# *
....... #..## #.#.##.##..#
,#.## ,# #..#
#.#.##.##..###.#.##.,#
#..#########...#..........
....#
#............#.).###......
.....
#..########.#.............#
####
#........##.#w#..########.#
# #.######.###...#.#
.####### #.# #.# ##...@# *
,...... #.# #.# #.##.#
**###### #.# #.#
#.##.################ ..#
#.# #....................
##### #.#
#.....############.## ...(#
#.# #.........(..........
###.# #.#
#.....############.##
#.####.####..#### #.#
#.(..))).....#
###########.##


You could see Gastronok.

Vanquished Creatures
  Erica (D:8)
  Psyche (D:8)
  A kobold demonologist (D:10)
  A hippogriff (D:8)
  Prince Ribbit (D:8)
  A wyvern (D:9)
  A hungry ghost (D:9)
  A spriggan (D:7)
  2 water moccasins
  2 ice beasts
  4 orc warriors
  A black bear (D:10)
  3 ogres
  A hornet zombie (D:9)
  5 phantoms
  2 centaurs
  13 big kobolds
  A gnoll sergeant (D:5)
  4 bullfrogs
  2 scorpions
  3 wights (D:9)
  3 howler monkeys (D:9)
  3 centaur zombies
  3 crimson imps
  A bullfrog zombie (D:3)
  3 hounds
  2 orc priests
  A centaur skeleton (D:10)
  8 orc wizards
  2 bullfrog skeletons
  An iguana (D:6)
  6 worker ants
  2 big kobold zombies (Ossuary)
  3 mummies
  9 gnolls
  10 adders
  3 shadow imps
  3 oozes
  An adder skeleton (D:4)
  A worm (D:3)
  3 dart slugs
  6 leopard geckos
  29 orcs
  7 giant cockroaches
  12 goblins
  8 hobgoblins
  4 jackals (D:3)
  7 quokkas
  5 ball pythons
  7 bats
  4 frilled lizards
  3 goblin zombies (Ossuary)
  A hobgoblin zombie (Ossuary)
  A jackal skeleton (D:6)
  A jackal zombie (D:7)
  27 kobolds
  2 orc zombies (Ossuary)
  10 rats
253 creatures vanquished.

Vanquished Creatures (collateral kills)
  A sky beast (D:5)
  An elf zombie (Ossuary)
  7 big kobolds
  A howler monkey (D:4)
  3 crimson imps
  An orc wizard (D:4)
  2 iguanas
  2 worker ants
  A howler monkey zombie (D:5)
  2 gnolls (D:3)
  A howler monkey skeleton (D:4)
  6 adders
  2 river rats (Sewer)
  A shadow imp (D:2)
  An ooze (Sewer)
  A worm (Sewer)
  A dart slug (D:2)
  3 orcs
  A giant cockroach (D:3)
  6 jackals (D:2)
  A kobold (D:2)
  2 quokkas (D:2)
  3 ball pythons (Sewer)
  A goblin zombie (Ossuary)
  2 hobgoblin zombies (Ossuary)
  3 rats
56 creatures vanquished.

Vanquished Creatures (others)
  A big kobold zombie (Ossuary)
  An orc (D:4)
  A jackal skeleton (D:6)
  A quokka skeleton (D:4)
4 creatures vanquished.

Grand Total: 313 creatures vanquished

Notes
Turn   | Place    | Note
-------+----------+-------------------------------------------
     0 | D:1      | mhoghedin the Kobold Wizard began the quest for the Orb.
     0 | D:1      | Reached XP level 1. HP: 10/10 MP: 4/4
   369 | D:1      | Reached skill level 3 in Stealth
   369 | D:1      | Reached XP level 2. HP: 13/16 MP: 3/6
  1087 | D:1      | Learned a level 2 spell: Blink
  1090 | D:1      | Learned a level 2 spell: Call Imp
  1329 | D:1      | Reached skill level 1 in Fighting
  1386 | D:1      | Reached XP level 3. HP: 11/20 MP: 7/7
  1728 | D:1      | Reached skill level 1 in Short Blades
  2472 | D:2      | Reached skill level 3 in Dodging
  2988 | D:2      | Reached skill level 1 in Shields
  2988 | D:2      | Reached XP level 4. HP: 25/25 MP: 8/8
  3300 | D:2      | Learned a level 3 spell: Mephitic Cloud
  3653 | D:2      | HP: 5/26 [quokka (3)]
  4252 | D:2      | Reached skill level 4 in Stealth
  4254 | D:2      | Reached XP level 5. HP: 27/30 MP: 6/9
  4331 | D:2      | Reached skill level 2 in Short Blades
  4603 | D:3      | Found a shattered altar of Ashenzari.
  4609 | D:3      | Became a worshipper of Ashenzari the Shackled
  4734 | D:3      | Reached skill level 2 in Fighting
  4747 | D:3      | Found a runed gate.
  4747 | D:3      | Found a runed gate.
  4748 | D:3      | Found a runed gate.
  4748 | D:3      | Found a glowing drain.
  4750 | D:3      | Noticed Ashen's ghost (amateur HOMo)
  4804 | Sewer    | Entered a sewer
  5273 | Sewer    | Noticed a big kobold
  5293 | Sewer    | Killed a big kobold
  5293 | Sewer    | Reached XP level 6. HP: 31/35 MP: 3/10
  5587 | Sewer    | Reached skill level 1 in Air Magic
  5587 | Sewer    | Reached skill level 1 in Poison Magic
  5787 | Sewer    | HP: 3/35 [river rat (10)]
  6184 | Sewer    | Reached skill level 2 in Conjurations
  6184 | Sewer    | Reached skill level 2 in Summonings
  6714 | Sewer    | Reached XP level 7. HP: 27/40 MP: 6/11
  6806 | Sewer    | Learned a level 3 spell: Conjure Flame
  6861 | Sewer    | Reached skill level 2 in Air Magic
  6861 | Sewer    | Reached skill level 2 in Poison Magic
  7212 | D:3      | HP: 10/40 [orc/short sword (7)]
  7537 | D:3      | Reached * piety under Ashenzari
  8134 | D:4      | Found a radiant altar of Vehumet.
  8328 | D:4      | Reached skill level 1 in Fire Magic
  8495 | D:4      | HP: 7/40 [ogre/giant club (15)]
  8496 | D:4      | Reached XP level 8. HP: 8/45 MP: 11/12
  8852 | D:4      | Reached skill level 3 in Short Blades
  8852 | D:4      | Reached skill level 4 in Dodging
  9079 | D:4      | Reached skill level 2 in Shields
  9194 | D:5      | Entered Level 5 of the Dungeon
  9303 | D:5      | Reached skill level 5 in Stealth
  9344 | D:5      | Reached skill level 3 in Fighting
  9722 | D:5      | Reached skill level 4 in Short Blades
 10398 | D:5      | Reached skill level 5 in Dodging
 10445 | D:5      | Reached skill level 6 in Stealth
 10772 | D:5      | Found a shimmering altar of Xom.
 10824 | D:5      | Found a sacrificial altar of Ru.
 10968 | D:5      | Reached XP level 9. HP: 49/52 MP: 13/13
 11169 | D:6      | Reached skill level 4 in Fighting
 11174 | D:6      | Reached skill level 3 in Shields
 11267 | D:6      | Found a sand-covered staircase.
 11274 | Ossuary  | Entered an ossuary
 11365 | Ossuary  | HP: 13/52 [something (4)]
 11406 | Ossuary  | Reached skill level 5 in Short Blades
 12133 | D:6      | Noticed Menkaure
 12215 | D:6      | Reached skill level 7 in Stealth
 12248 | D:6      | Reached skill level 6 in Dodging
 12416 | D:6      | Found an ancient bone altar of Kikubaaqudgha.
 12588 | D:7      | Reached skill level 5 in Fighting
 12588 | D:7      | Reached skill level 6 in Short Blades
 12856 | D:7      | Reached ** piety under Ashenzari
 12948 | D:7      | Found a deep blue altar of Sif Muna.
 13191 | D:7      | Found a staircase to the Ecumenical Temple.
 13371 | D:2      | Learned a level 2 spell: Sticks to Snakes
 13418 | D:5      | Upgraded the game from 0.22-a0-799-g88f5e90 to 0.22-a0-825-ga28c36f
 13418 | D:5      | Upgraded the game from 0.22-a0-825-ga28c36f to 0.22-a0-833-g8522bf8
 13516 | D:8      | Noticed Prince Ribbit
 13521 | D:8      | Killed Prince Ribbit
 13521 | D:8      | Reached skill level 1 in Evocations
 13582 | D:8      | Reached XP level 10. HP: 59/59 MP: 14/14
 13584 | D:8      | Noticed Psyche
 13698 | D:8      | Reached skill level 7 in Dodging
 13698 | D:8      | Reached skill level 2 in Evocations
 13942 | D:8      | Killed Psyche
 13942 | D:8      | Reached skill level 6 in Fighting
 13942 | D:8      | Reached skill level 7 in Short Blades
 13942 | D:8      | Reached skill level 3 in Evocations
 13961 | D:8      | Noticed Erica
 13979 | D:8      | Killed Erica
 13979 | D:8      | Reached skill level 4 in Evocations
 14054 | D:8      | Found an opulent altar of Gozag.
 14138 | D:8      | Reached skill level 8 in Short Blades
 14381 | D:8      | Identified the +2 robe "Xituseov" {Int+6}
 14387 | D:8      | Found a glowing silver altar of Zin.
 14521 | D:9      | Reached skill level 1 in Transmutations
 14538 | D:9      | Reached skill level 2 in Transmutations
 14808 | D:9      | Found a staircase to the Lair.
 14896 | D:9      | Reached skill level 3 in Transmutations
 14951 | D:9      | Found a blossoming altar of Fedhas.
 15114 | D:9      | Reached skill level 4 in Transmutations
 15563 | D:9      | Reached XP level 11. HP: 66/66 MP: 15/15
 15627 | D:9      | Reached skill level 5 in Transmutations
 15738 | D:10     | Entered Level 10 of the Dungeon
 15923 | D:10     | Noticed Gastronok
 16408 | D:10     | Found Bakomeh's Serpentskin Sales.
 16673 | D:10     | Reached skill level 7 in Fighting
 16673 | D:10     | Reached skill level 8 in Stealth
 16675 | D:10     | Reached skill level 5 in Evocations
 16981 | D:10     | Killed from afar by Gastronok

Vault maps used:
D:1:      lemuel_arrival_river_bridge
D:2:      cheibrodos_greedy_goblins, first_ration, cheibrodos_gnoll_hut
D:3:      evilmike_ruin_ashenzari, gammafunk_ghost_necromancy,
          portal_sewer_entry_a
D:4:      fiery_altar_vehumet
D:5:      lemuel_crystal_altar, led_xom_imps
D:6:      marbit_many_paths, gup_ossuary_entry_pyramid, uniq_menkaure
D:7:      led_sif_pool, temple_green, the_bakery
D:8:      zin_statuary, grunt_gozag_breadcrumbs, uniq_prince_ribbit1,
          uniq_erica, uniq_psyche
D:9:      old_standard_altar, lair_entry_dummy
D:10:     special_room, guppyfry_shop_venom, uniq_gastronok
Sewer:    sewer_co_tree
Ossuary:  minmay_ossuary_gauntlet

Skill      XL: |  1  2  3  4  5  6  7  8  9 10 11 |
---------------+----------------------------------+-----
Stealth        | 3 4 6 7 8 |  8.5
Fighting       | 1 2 3 5 6 7 |  7.5
Short Blades   | 1 2 4 6 8 |  8.0
Dodging        | 3 5 6 7 |  7.9
Shields        | 1 2 3 |  3.9
Air Magic      | 1 2 |  2.6
Poison Magic   | 1 2 |  2.6
Conjurations   | 2 |  2.9
Summonings     | 2 |  2.5
Fire Magic     | 1 |  1.2
Evocations     | 1 4 5 |  5.6
Transmutations | 4 5 |  5.8
Spellcasting   | |  3.2
Translocations | |  1.0

Action                   |  1- 3 |  4- 6 |  7- 9 | 10-12 || total
-------------------------+-------+-------+-------+-------++-------
Melee: Dagger            |   130 |   383 |   590 |   459 ||  1562
       Unarmed           |     3 |       |       |       ||     3
 Cast: Magic Dart        |    34 |    21 |    18 |       ||    73
       Call Imp          |     4 |    40 |    54 |     8 ||   106
       Blink             |       |     1 |     1 |       ||     2
       Mephitic Cloud    |       |       |    26 |     7 ||    33
       Conjure Flame     |       |       |     5 |       ||     5
Invok: Curse Item        |       |       |     3 |       ||     3
 Abil: Evoke Berserk Rag |       |       |     1 |     3 ||     4
Evoke: Wand              |       |       |     4 |    14 ||    18
       Sack of spiders   |       |       |       |     1 ||     1
  Use: Scroll            |       |     7 |     5 |     4 ||    16
       Potion            |       |     2 |     3 |     2 ||     7
 Stab: Sleeping          |     5 |     7 |    13 |     9 ||    34
       Confused          |       |       |     8 |    11 ||    19
       Paralysed         |       |       |     4 |     5 ||     9
       Invisible         |       |       |     3 |     3 ||     6
       Distracted        |       |       |     1 |       ||     1
       Petrified         |       |       |       |     1 ||     1
  Eat: Chunk             |     9 |    11 |    31 |    11 ||    62
       Ration            |       |       |     1 |       ||     1
Armor: Robe              |    20 |    31 |    63 |    28 ||   142
       Skin              |       |    32 |       |       ||    32
Dodge: Dodged            |    95 |   255 |   337 |   213 ||   900
Block: Buckler           |    27 |    81 |   111 |    96 ||   315

Table legend:
 A = Spawn XP
 B = Non-spawn XP
 C = Spawn XP percentage of total XP
 D = Spawn monster count
 E = Non-spawn monster count
 F = Spawn count percentage of total count
 G = Total turns spent on level
                    A         B        C        D         E        F      G
               +---------+---------+-------+---------+---------+-------+---------
         Total |       0 |   10030 |   0.0 |       0 |     311 |   0.0 | 16981
               +---------+---------+-------+---------+---------+-------+---------
           D:1 |       0 |      40 |   0.0 |       0 |      23 |   0.0 |  2635
           D:2 |       0 |     107 |   0.0 |       0 |      39 |   0.0 |  1915
           D:3 |       0 |     185 |   0.0 |       0 |      31 |   0.0 |  1372
           D:4 |       0 |     579 |   0.0 |       0 |      20 |   0.0 |  1861
           D:5 |       0 |     638 |   0.0 |       0 |      31 |   0.0 |  1273
           D:6 |       0 |     983 |   0.0 |       0 |      28 |   0.0 |  1192
           D:7 |       0 |     385 |   0.0 |       0 |       8 |   0.0 |   751
           D:8 |       0 |    2655 |   0.0 |       0 |      22 |   0.0 |   936
           D:9 |       0 |    1657 |   0.0 |       0 |      22 |   0.0 |  1286
          D:10 |       0 |    2123 |   0.0 |       0 |      43 |   0.0 |  1243
         Sewer |       0 |     431 |   0.0 |       0 |      28 |   0.0 |  2156
       Ossuary |       0 |     247 |   0.0 |       0 |      16 |   0.0 |   361
               +---------+---------+-------+---------+---------+-------+---------

Vault maps used:
D:1:      lemuel_arrival_river_bridge
D:2:      cheibrodos_greedy_goblins, first_ration, cheibrodos_gnoll_hut
D:3:      evilmike_ruin_ashenzari, gammafunk_ghost_necromancy,
          portal_sewer_entry_a
D:4:      fiery_altar_vehumet
D:5:      lemuel_crystal_altar, led_xom_imps
D:6:      marbit_many_paths, gup_ossuary_entry_pyramid, uniq_menkaure
D:7:      led_sif_pool, temple_green, the_bakery
D:8:      zin_statuary, grunt_gozag_breadcrumbs, uniq_prince_ribbit1,
          uniq_erica, uniq_psyche
D:9:      old_standard_altar, lair_entry_dummy
D:10:     special_room, guppyfry_shop_venom, uniq_gastronok
Sewer:    sewer_co_tree
Ossuary:  minmay_ossuary_gauntlet

Table legend:
 A = Turns spent in this place as a percentage of turns spent in the entire game.
 B = Non-inter-level travel turns spent in this place as a percentage of non-inter-level travel turns spent in the entire game.
 C = Inter-level travel turns spent in this place as a percentage of turns spent in this place.
 D = Turns resting spent in this place as a percentage of non-inter-level travel turns spent in this place.
 E = Turns spent auto-exploring this place as a percentage of non-inter-level travel turns spent in this place.
 F = Non-inter-level travel turns spent in this place divided by the number of levels of this place that you've seen.
                   A       B       C       D       E      F
               +-------+-------+-------+-------+-------+----------------------
         Total | 100.0 | 100.0 |   2.8 |  41.1 |  34.3 | 1375.7
       Dungeon |  85.2 |  84.8 |   3.3 |  38.4 |  37.1 | 1399.1
         Sewer |  12.7 |  13.1 |   0.0 |  60.2 |  18.8 | 2156.0
       Ossuary |   2.1 |   2.2 |   0.0 |  35.5 |  17.5 | 361.0
               +-------+-------+-------+-------+-------+----------------------

Table legend:
 A = Kills in this place as a percentage of kills in entire the game.
 B = Kills by you in this place as a percentage of kills by you in the entire game.
 C = Kills by friends in this place as a percentage of kills by friends in the entire game.
 D = Other kills in this place as a percentage of other kills in the entire game.
 E = Experience gained in this place as a percentage of experience gained in the entire game.
 F = Experience gained in this place divided by the number of levels of this place that you have seen.
                   A       B       C       D       E      F
               +-------+-------+-------+-------+-------+----------------------
         Total | 100.0 | 100.0 | 100.0 | 100.0 | 100.0 | 835.8
       Dungeon |  85.9 |  90.4 |  66.1 |  83.3 |  93.2 | 935.2
         Sewer |   9.0 |   5.2 |  26.8 |   0.0 |   4.3 | 431.0
       Ossuary |   5.1 |   4.4 |   7.1 |  16.7 |   2.5 | 247.0
               +-------+-------+-------+-------+-------+----------------------
